 Dungeon Crawl Stone Soup version 0.29-a0-322-g68df515428 (webtiles) character file.

Game seed: 13505378461461622053

106 kae the Firebug (level 4, -2/25 HPs)
             Began as a Tengu Fire Elementalist on Apr 7, 2022.
             Slain by Duvessa
             ... wielding a +0 short sword
              (7 damage)
             ... on level 4 of the Dungeon.
             The game lasted 00:02:13 (4112 turns).

kae the Firebug (Tengu Fire Elementalist)           Turns: 4112, Time: 00:02:14

Health: -2/25      AC:  4    Str:  9    XL:     4   Next: 84%
Magic:  4/8        EV: 12    Int: 17    God:
Gold:   76         SH:  0    Dex: 14    Spells: 2/8 levels left

rFire   . . .      SeeInvis .   c - staff of poison
rCold   . . .      Faith    .   (no shield)
rNeg    . . .      Spirit   .   a - +0 robe
rPois   +          Reflect  .   (helmet restricted)
rElec   .          Harm     .   i - +1 cloak
rCorr   .          Rampage  .   (no gloves)
Will    .....                   (boots unavailable)
Stlth   ++........              (no amulet)
HPRegen 0.08/turn               (no ring)
MPRegen 0.11/turn               (no ring)

@: no status effects
A: beak, talons 3
a: no special abilities


You were on level 4 of the Dungeon.
You visited 1 branch of the dungeon, and saw 4 of its levels.

You collected 76 gold pieces.

Inventory:

Armour
 a - a +0 robe (worn)
 i - a +1 cloak (worn)
Magical Staves
 c - a staff of poison (weapon)
Jewellery
 h - a ring of ice
 k - a ring of resist corrosion
Scrolls
 p - 2 scrolls of fear
Potions
 d - a potion of invisibility
 e - 2 potions of brilliance
 f - 2 potions of curing
 g - a potion of haste
 l - a potion of degeneration {unknown}
 m - a potion of ambrosia
 n - 2 potions of lignification {unknown}


   Skills:
 + Level 1.3 Fighting
 + Level 1.3 Armour
 + Level 2.8 Dodging
 - Level 2.0 Stealth
 + Level 2.5 Spellcasting
 + Level 2.5 Conjurations
 * Level 4.2 Fire Magic


You had 2 spell levels left.
You knew the following spells:

 Your Spells              Type           Power      Damage    Failure   Level
a - Foxfire               Conj/Fire      52%        2x1d6     4%          1
b - Scorch                Fire           32%        2d6       4%          2
c - Conjure Flame         Conj/Fire      13%        6-21      14%         3

Your spell library contained the following spells:

 Spells                   Type           Power      Damage    Failure   Level
 Shock                    Conj/Air       24%        1d4       11%         1
 Sting                    Tmut/Pois      12%        1d3       19%         1
 Poisonous Vapours        Pois/Air       6%         N/A       28%         2
 Inner Flame              Hex/Fire       9%         N/A       24%         3
 Flame Wave               Conj/Fire      13%        2d6       41%         4
 Fulminant Prism          Conj/Hex       3%         3d6       73%         4
 Olgreb's Toxic Radiance  Pois           3%         N/A       88%         4
 Iron Shot                Conj/Erth      3%         9d2       100%        6
 Chain Lightning          Conj/Air       3%         3d4       100%        9


Dungeon Overview and Level Annotations

Branches:
Dungeon (4/15)
 Temple: D:4-7

Altars:
Qazlal

Shops:
D:3 (

Annotations:
D:3 2 transporters, 1 runed translucent door, Ajdolov's ghost, amateur OgFE
D:4 Duvessa


Innate Abilities, Weirdness & Mutations

You have a beak for a mouth.
You have claws for feet.


Message History

Confirm with . or Enter, or press ? or * to list all spells.
Flames lash Duvessa.
Duvessa is burned terribly!
Duvessa is severely wounded.
Duvessa misses you. Duvessa barely misses you.
Casting: Scorch (safe; 4% risk of failure)
Confirm with . or Enter, or press ? or * to list all spells.
You don't have enough magic to cast this spell.
Casting: Scorch (safe; 4% risk of failure)
Confirm with . or Enter, or press ? or * to list all spells.
You don't have enough magic to cast this spell.
You hit Duvessa but do no damage. You peck Duvessa.
Duvessa is severely wounded.
Duvessa hits you with a +0 short sword.
You hit Duvessa but do no damage.
Duvessa is severely wounded.
Duvessa hits you but does no damage.
You hit Duvessa but do no damage.
Duvessa is severely wounded.
Duvessa hits you with a +0 short sword!
Ouch! That really hurt!
* * * LOW HITPOINT WARNING * * *
Duvessa hits you with a +0 short sword.
* * * LOW HITPOINT WARNING * * *
You feel much better. Duvessa misses you. Magic courses through your body.
Duvessa hits you with a +0 short sword!
* * * LOW HITPOINT WARNING * * *
Casting: Scorch (safe; 4% risk of failure)
Confirm with . or Enter, or press ? or * to list all spells.
Flames lash Duvessa.
Duvessa is burned terribly!
Duvessa is almost dead.
Duvessa completely misses you. Duvessa hits you but does no damage.
Casting: Scorch (safe; 4% risk of failure)
Confirm with . or Enter, or press ? or * to list all spells.
Flames lash Duvessa.
Duvessa is almost dead.
Duvessa completely misses you. Duvessa hits you with a +0 short sword!
You die...

##.#..##.# #
##.#..##.##.#### #
##.............. ?
##e##.##.####### .
##.##.##.....# #
......######.# #
##.####### #.# #
#....>..###.########.#
#
#######.......e@.....#
# ################ .
##


You could see Duvessa (combustible).

Vanquished Creatures
  A howler monkey (D:3)
  An adder (D:2)
  A worm (D:4)
  2 dart slugs
  6 ball pythons
  2 endoplasms (D:1)
  A giant cockroach (D:1)
  8 goblins
  5 hobgoblins
  4 kobolds
  A quokka (D:1)
  11 bats
  2 frilled lizards
  3 rats
48 creatures vanquished.

Vanquished Creatures (others)
  157 foxfires
  3 plants (D:1)
160 creatures vanquished.

Grand Total: 208 creatures vanquished

Notes
Turn   | Place    | Note
-------+----------+-------------------------------------------
     0 | D:1      | kae the Tengu Fire Elementalist began the quest for the
                  | Orb.
     0 | D:1      | Reached XP level 1. HP: 10/10 MP: 4/4
   220 | D:1      | Reached XP level 2. HP: 2/15 MP: 1/6
  1081 | D:1      | Found a faded altar of an unknown god.
  1107 | D:1      | Got Plato's Catalogue of Conjuration
  1254 | D:1      | Reached XP level 3. HP: 16/20 MP: 5/7
  1257 | D:1      | Learned a level 2 spell: Scorch
  1261 | D:1      | Learned a level 3 spell: Conjure Flame
  1915 | D:2      | Reached skill level 1 in Fighting
  1948 | D:2      | Got the Volume of Doom
  2308 | D:2      | Reached skill level 1 in Armour
  2725 | D:3      | Found a transporter.
  3020 | D:3      | Found a transporter.
  3048 | D:3      | Found Xausept's Antique Weapon Shoppe.
  3202 | D:3      | Found a runed translucent door.
  3235 | D:3      | Reached XP level 4. HP: 24/25 MP: 3/8
  3321 | D:3      | Reached skill level 4 in Fire Magic
  3554 | D:3      | Found a stormy altar of Qazlal.
  3850 | D:3      | Noticed Ajdolov's ghost (amateur OgFE)
  4056 | D:4      | Noticed Duvessa
  4106 | D:4      | HP: 1/25 [Duvessa/+0 short sword (3)]
  4112 | D:4      | Slain by Duvessa

Illustrated notes

Levels and vault maps discovered:
D:1:      dreamdust_arrival_beginning_and_end, layout_rooms,
          shapermc_ecumenical_altar_rom_forum, serial_curves, eino_curves_01,
          eino_curves_03, eino_curves_02, minmay_door_square, minmay_3d_cube
D:2:      minmay_skewed_foursquare, layout_basic, minivault_24
D:3:      gammafunk_wand_slinger, layout_basic, nicolae_qazlal_eye_of_the_storm,
          ebering_ghost_reflecting_pool, serial_shops, shop
D:4:      layout_loops_ring, pdpol_wu_jian_five_deadly_venoms,
          lemuel_mausoleum_altar_yredelemnul, minmay_manual_mail, uniq_duvessa

Skill      XL: |  1  2  3  4 |
---------------+-------------+-----
Conjurations   | 2 |  2.5
Fighting       | 1 |  1.3
Armour         | 1 |  1.3
Fire Magic     | 4 |  4.2
Dodging        | |  2.8
Stealth        | |  2.0
Spellcasting   | |  2.5

Action                   |  1- 3 |  4- 6 || total
-------------------------+-------+-------++-------
Melee: Kick              |    13 |     1 ||    14
       Unarmed           |     3 |       ||     3
       Staff             |    20 |     8 ||    28
       Peck              |     3 |     3 ||     6
 Cast: Foxfire           |    82 |    15 ||    97
       Scorch            |       |    11 ||    11
  Use: Scroll            |     7 |     4 ||    11
       Potion            |       |     3 ||     3
 Stab: Sleeping          |     1 |       ||     1
Armor: Robe              |    11 |     5 ||    16
Dodge: Dodged            |    24 |    12 ||    36

Table legend: (Time is in decaauts)
 A = Elapsed time spent in this place.
 B = Non-inter-level travel time spent in this place.
 C = Inter-level travel time spent in this place.
 D = Time resting spent in this place.
 E = Time spent auto-exploring this place.
 F = Levels seen in this place.
 G = Mean time per level.
                   A        B        C        D        E       F      G
               +--------+--------+--------+--------+--------+-----+--------+
         Total |   4118 |   3927 |    191 |    429 |   2990 |   4 | 1029.5 |
       Dungeon |   4118 |   3927 |    191 |    429 |   2990 |   4 | 1029.5 |
               +--------+--------+--------+--------+--------+-----+--------+

Top non-repeatable levels by time:
     D:1: 1499 daAuts
     D:2: 1309 daAuts
     D:3: 1124 daAuts
     D:4: 183 daAuts
